 Dungeon Crawl Stone Soup version 0.25.0-9-g26727b657a (webtiles) character file.

Game seed: 12742927558207064370

81 Delamore the Chopper (level 4, 0/39 HPs)
             Began as a Hill Orc Monk on June 20, 2020.
             Slain by a gnoll
             ... wielding a +0 spear
              (6 damage)
             ... on level 2 of the Dungeon.
             The game lasted 00:02:11 (1940 turns).

Delamore the Chopper (Hill Orc Monk)                Turns: 1940, Time: 00:02:12

Health: 0/39       AC:  5    Str: 14    XL:     4   Next: 42%
Magic:  4/4        EV: 11    Int: 10    God:
Gold:   236        SH:  0    Dex: 13    Spells: 3/3 levels left

rFire    . . .     SeeInvis .   a - +0 hand axe
rCold    . . .     Gourm    .   (no shield)
rNeg     . . .     Faith    .   j - +0 ring mail
rPois    .         Spirit   .   (no helmet)
rElec    .         Reflect  .   (no cloak)
rCorr    .         Harm     .   (no gloves)
MR       .....                  (no boots)
Stlth    +.........             (no amulet)
HPRegen  0.13/turn              (no ring)
MPRegen  0.09/turn              (no ring)

@: lethally poisoned (0 -> -3), flying
A: no striking features
a: no special abilities


You were on level 2 of the Dungeon.
You were not hungry.

You visited 1 branch of the dungeon, and saw 2 of its levels.

You collected 236 gold pieces.

Inventory:

Hand Weapons
 a - a +0 hand axe (weapon)
Armour
 j - a +0 ring mail (worn)
 k - a +0 chain mail
Scrolls
 d - 2 scrolls of remove curse {unknown}
 f - 2 scrolls of identify {unknown}
 h - a scroll of immolation {unknown}
 l - a scroll of magic mapping {unknown}
 n - 2 scrolls of fog {unknown}
Potions
 b - a potion of stabbing {unknown}
 e - a potion of might
 i - a potion of flight
 m - a potion of lignification {unknown}
 p - a potion of degeneration {unknown}
Comestibles
 c - 3 rations
 o - 3 chunks of flesh


   Skills:
 - Level 3.6 Fighting
 + Level 6.7 Axes
 - Level 2.4 Dodging
 - Level 1.5 Stealth


You had 3 spell levels left.
You didn't know any spells.
Your spell library was empty.

Dungeon Overview and Level Annotations

Branches:
Dungeon (2/15)

Altars:


Message History

* * * LOW HITPOINT WARNING * * *
You are poisoned.
The adder poisons you!
You see here a dart slug corpse.
You hit the gnoll.
The gnoll is moderately wounded.
You completely miss the adder.
You feel sick. The adder bites you.
* * * LOW HITPOINT WARNING * * *
You are lethally poisoned!
The adder poisons you! The gnoll misses you. The adder barely misses you.
You feel better. The gnoll hits you with a +0 spear.
* * * LOW HITPOINT WARNING * * *
The adder bites you.
* * * LOW HITPOINT WARNING * * *
You are poisoned.
The adder poisons you!
It was a potion of flight.
You feel very buoyant.
You fly up into the air.
You feel sick. The gnoll hits you with a +0 spear.
You die...

## %[## .#.# # ...
..# ###S#...#
#.@g..# #.#.#...#
####. #.#... ..#
###.##. #.#.#.# #
#....... #.#..####
#.......
#.####..####...#...
#..................
#...........#>....P
#...)...###...##...


You could see a gnoll and an adder.

Vanquished Creatures
  Terence (D:2)
  An adder (D:2)
  3 dart slugs
  2 leopard geckos (D:2)
  A ball python (D:2)
  6 bats
  A giant cockroach (D:1)
  6 hobgoblins
  3 kobolds (D:2)
  A quokka (D:2)
  4 frilled lizards
  6 goblins
  2 rats
  A fungus (D:2)
38 creatures vanquished.

Vanquished Creatures (others)
  7 toadstools
7 creatures vanquished.

Grand Total: 45 creatures vanquished

Notes
Turn   | Place    | Note
-------+----------+-------------------------------------------
     0 | D:1      | Delamore the Hill Orc Monk began the quest for the Orb.
     0 | D:1      | Reached XP level 1. HP: 19/19 MP: 1/1
   347 | D:1      | Reached XP level 2. HP: 20/26 MP: 2/2
   465 | D:1      | Reached skill level 5 in Axes
  1215 | D:2      | Reached XP level 3. HP: 31/31 MP: 3/3
  1448 | D:2      | Noticed Terence
  1517 | D:2      | Killed Terence
  1517 | D:2      | Reached skill level 6 in Axes
  1517 | D:2      | Reached XP level 4. HP: 15/39 MP: 4/4
  1940 | D:2      | Slain by a gnoll

Illustrated notes

Levels and vault maps discovered:
D:1:      ldierk_water_garden, layout_basic, minmay_small_reverse_x
D:2:      minmay_spotlight, layout_rooms, minmay_gold_behind_fungi,
          due_unseen_surprise, uniq_terence

Skill      XL: |  1  2  3 |
---------------+----------+-----
Axes           | 5 6 |  6.7
Fighting       | |  3.6
Dodging        | |  2.4
Stealth        | |  1.5

Action                   |  1- 3 |  4- 6 || total
-------------------------+-------+-------++-------
Melee: Hand axe          |   127 |    27 ||   154
  Use: Potion            |     1 |     2 ||     3
 Stab: Sleeping          |     2 |     1 ||     3
  Eat: Chunk             |     2 |     1 ||     3
Armor: Robe              |     4 |       ||     4
       Ring mail         |    25 |     5 ||    30
Dodge: Dodged            |    70 |    15 ||    85
